AoeStats
← ccereal

Lombardia

509195348Analyzed
2v2 RM · 7d ago on Sep 25, 2026· 21m 39s· 4 players
Game mode
Random Map
Map size
Medium (4 player)
Population
200
Speed
Normal
Resources
Standard
Victory
Conquest
Starting age
Dark Age
Ending age
Imperial Age
RankedLock teamsTeams togetherTeam positionsShared explorationLock speedFull tech treeHidden civsTurbo modeCheats
Victory
Defeat
🇫🇷 Saracens · France
1594
+15
🇫🇷 Jurchens · France
1523
+18
🇹🇷 Chinese · Türkiye
1590
-17
🇹🇷 Khitans · Türkiye
1561
-16
Frorok
5:33 Loom
8:49 Feudal Age
9:27 Double-Bit Axe
9:51 Town Watch
10:45 Horse Collar
16:02 Forging
18:39 Bloodlines
21:21 Wheelbarrow
21:44 Scale Barding Armor
ccereal
6:29 Loom
8:41 Feudal Age
9:18 Double-Bit Axe
12:59 Fletching
13:41 Padded Archer Armor
20:04 Castle Age
18:57 Horse Collar
19:07 Gold Mining
20:04 Crossbowman
20:40 Bodkin Arrow
22:06 Ballistics
ayz1912
7:45 Loom
10:14 Feudal Age
10:59 Double-Bit Axe
12:48 Forging
14:39 Scale Barding Armor
16:48 Domestication
Smoke Monkey.Mua
0:29 Loom
9:31 Feudal Age
14:13 Fletching
21:52 Castle Age
20:10 Double-Bit Axe
Connection lost

Rejoining the realm…

Still unreachable

The connection could not be restored.

Session expired

The server has moved on; the page needs a fresh start.